 Dungeon Crawl Stone Soup version 0.27-a0-1181-g5f64966fcc (webtiles) character file.

Game seed: 1876331269884921379

42 ZappyNine the Skirmisher (level 3, -3/31 HPs)
             Began as a Demigod Fighter on May 17, 2021.
             Splashed by a jelly's acid (11 damage)
             ... on level 2 of the Dungeon.
             The game lasted 00:01:15 (1494 turns).

ZappyNine the Skirmisher (Demigod Fighter)          Turns: 1494, Time: 00:01:15

Health: -3/31      AC:  4    Str: 21    XL:     3   Next: 17%
Magic:  5/5        EV:  7    Int: 10    God:
Gold:   49         SH:  9    Dex: 13    Spells: 2/2 levels left

rFire    . . .     SeeInvis .   a - +0 flail
rCold    . . .     Faith    .   c - +0 kite shield
rNeg     . . .     Spirit   .   b - +0 scale mail
rPois    .         Reflect  .   (no helmet)
rElec    .         Harm     .   (no cloak)
rCorr    .         Rampage  .   (no gloves)
Will     .....                  f - +0 pair of boots
Stlth    ..........             (no amulet)
HPRegen  0.10/turn              (no ring)
MPRegen  0.09/turn              (no ring)

@: mighty, corroded
A: high mp 1, forlorn
a: no special abilities


You were on level 2 of the Dungeon.
You visited 1 branch of the dungeon, and saw 2 of its levels.

You collected 49 gold pieces.

Inventory:

Hand Weapons
 a - a +0 flail (weapon)
Armour
 b - a +0 scale mail (worn)
 c - a +0 kite shield (worn)
 f - a +0 pair of boots (worn)
Scrolls
 e - 2 scrolls of identify {unknown}
 i - a scroll of amnesia {unknown}
Potions
 d - a potion of might
 g - a potion of resistance {unknown}
 h - a potion of curing {unknown}


   Skills:
 + Level 3.2 Fighting
 + Level 2.4 Maces & Flails
 + Level 3.2 Armour
 - Level 2.6 Shields


You had 2 spell levels left.
You didn't know any spells.
Your spell library was empty.

Dungeon Overview and Level Annotations

Branches:
Dungeon (2/15)

Shops:
D:1 *


Innate Abilities, Weirdness & Mutations

Your attributes grow dramatically as you level up.
You have an increased reservoir of magic. (+10% MP)
You shall have no god before yourself.


Message History

A jelly comes into view.
A jelly is nearby!
A jelly is nearby!
The jelly barely misses you.
You hit the jelly. The acid corrodes you!
Your hands burn!
The jelly is lightly wounded.
The jelly hits you but does no damage.
You hit the jelly.
Your hands burn!
The jelly is lightly wounded.
The jelly hits you. The acid corrodes you!
You are splashed with acid.
You block the jelly's attack.
You hit the jelly but do no damage.
Your hands burn!
The jelly is lightly wounded.
The jelly hits you.
You are splashed with acid!
* * * LOW HITPOINT WARNING * * *
You are too injured to fight recklessly!
You are too injured to fight recklessly!
You are too injured to fight recklessly!
You are too injured to fight recklessly!
You are too injured to fight recklessly!
You are too injured to fight recklessly!
You are too injured to fight recklessly!
You are too injured to fight recklessly!
You are too injured to fight recklessly!
You are too injured to fight recklessly!
You are too injured to fight recklessly!
You are too injured to fight recklessly!
You are too injured to fight recklessly!
You are too injured to fight recklessly!
You are too injured to fight recklessly!
You are too injured to fight recklessly!
You are too injured to fight recklessly!
You are too injured to fight recklessly!
You are no longer corroded.
The jelly barely misses you.
You feel very mighty all of a sudden. The jelly hits you.
* * * LOW HITPOINT WARNING * * *
The acid corrodes you!
You are splashed with acid!
You die...

#.# ##.## .... ##+ #######.###
# ##.. #.........# ##.# ##...
#.##.##.#.# ##.#.# ##[...
##.#...#.#.#######....###.....
+...........J@..........+.....
##.#.....#.#######....###.....
#.##..###.# #......# ##....
#.###.###.# #.###### ##...
#.........# #.# ##..
##.##.#.### #.# ##' #.##.#.#
#.# #. #.##.#.# #†# #####.
######.##...# #.##### #[....


You could see a jelly.

Vanquished Creatures
  An adder (D:2)
  4 endoplasms (D:1)
  A giant cockroach (D:1)
  A goblin (D:1)
  3 hobgoblins
  3 jackals (D:2)
  4 kobolds (D:1)
  3 quokkas (D:1)
  2 ball pythons (D:1)
  2 bats (D:1)
  A frilled lizard (D:1)
  3 rats (D:1)
28 creatures vanquished.

Notes
Turn   | Place    | Note
-------+----------+-------------------------------------------
     0 | D:1      | ZappyNine the Demigod Fighter began the quest for the Orb.
     0 | D:1      | Reached XP level 1. HP: 18/18 MP: 3/3
   313 | D:1      | Reached XP level 2. HP: 25/25 MP: 4/4
   349 | D:1      | Found Ogrit's General Store.
  1376 | D:2      | Reached XP level 3. HP: 29/31 MP: 5/5
  1494 | D:2      | Splashed by a jelly's acid

Illustrated notes

Levels and vault maps discovered:
D:1:      elethiomel_arrival_infinity_welcomes_careful_drivers, layout_basic,
          serial_shops, shop, ebering_ecumenical_altar_rust
D:2:      layout_loops_corners, serial_shops, nicolae_shop_statue_plus,
          kennysheep_generic_room_13, uniq_robin

Skill      XL: |  1  2 |
---------------+-------+-----
Maces & Flails | 2 |  2.4
Fighting       | 3 |  3.2
Armour         | 3 |  3.2
Shields        | |  2.6

Action                   || total
-------------------------++-------
Melee: Flail             ||    96
  Use: Potion            ||     1
Armor: Scale mail        ||    49
Dodge: Dodged            ||    20
Block: Kite shield       ||    59

Table legend: (Time is in decaauts)
 A = Elapsed time spent in this place.
 B = Non-inter-level travel time spent in this place.
 C = Inter-level travel time spent in this place.
 D = Time resting spent in this place.
 E = Time spent auto-exploring this place.
 F = Levels seen in this place.
 G = Mean time per level.
                   A        B        C        D        E       F      G
               +--------+--------+--------+--------+--------+-----+--------+
         Total |   1545 |   1523 |     22 |      0 |   1250 |   2 |  772.5 |
       Dungeon |   1545 |   1523 |     22 |      0 |   1250 |   2 |  772.5 |
               +--------+--------+--------+--------+--------+-----+--------+

Top non-repeatable levels by time:
     D:1: 1191 daAuts
     D:2: 354 daAuts
